 Dungeon Crawl Stone Soup version 0.22.1-1-ga44c0e5 (webtiles) character file.

56 Lauz the Vexing (level 3, -3/20 HPs)
             Began as a Deep Elf Arcane Marksman on Oct 30, 2018.
             Slain by a hobgoblin
             ... wielding a +0 club
             ... led by Robin
              (5 damage)
             ... on level 2 of the Dungeon.
             The game lasted 00:21:53 (3617 turns).

Lauz the Vexing (Deep Elf Arcane Marksman)          Turns: 3617, Time: 00:21:54

Health: -3/20      AC:  4    Str:  7    XL:     3   Next: 69%
Magic:  8/8        EV: 13    Int: 18    God:
Gold:   133        SH:  0    Dex: 15    Spells: 3/6 levels left

rFire    . . .     SeeInvis .   c - +0 dagger
rCold    . . .     Gourm    .   (no shield)
rNeg     . . .     Faith    .   e - +0 robe
rPois    .         Spirit   .   (no helmet)
rElec    .         Reflect  .   (no cloak)
rCorr    .         Harm     .   j - +0 pair of gloves
MR       .....                  h - +0 pair of boots
Stlth    +.........             (no amulet)
HPRegen  0.06/turn              (no ring)
MPRegen  0.11/turn              (no ring)

@: no status effects
A: no striking features
a: no special abilities


You were on level 2 of the Dungeon.
You were not hungry.

You visited 1 branch of the dungeon, and saw 2 of its levels.

You collected 133 gold pieces.

Inventory:

Hand Weapons
 a - a +1 shortbow
 c - a +0 dagger (weapon)
Armour
 e - a +0 robe (worn)
 h - a +0 pair of boots (worn)
 j - a +0 pair of gloves (worn)
Scrolls
 d - a scroll of enchant armour {unknown}
 i - 5 scrolls of identify
 o - a scroll of remove curse {unknown}
Potions
 b - a potion of heal wounds {unknown}
 g - a potion of cancellation {unknown}
 k - 2 potions of ambrosia
 m - a potion of flight {unknown}
 n - a potion of brilliance {unknown}
Comestibles
 f - a ration


   Skills:
 - Level 1.0 Fighting
 * Level 3.6 Bows
 - Level 2.6 Dodging
 - Level 0.1 Stealth
 * Level 2.4 Spellcasting
 + Level 4.3 Hexes


You had 3 spell levels left.
You knew the following spells:

 Your Spells              Type           Power        Failure   Level  Hunger
a - Corona                Hex            ###....      2%          1    #......
b - Slow                  Hex            ###.....     4%          2    ##.....

Your spell library contained the following spells:

 Spells                   Type           Power        Failure   Level  Hunger
 Inner Flame              Hex/Fire       ##......     22%         3    ###....
 Portal Projectile        Hex/Tloc       ##....       22%         3    ###....
 Cause Fear               Hex            ###.......   28%         4    #####..
 Leda's Liquefaction      Hex/Erth       ##........   56%         4    #####..


Dungeon Overview and Level Annotations

Branches:
Dungeon (2/15)

Altars:
Hepliaklqana

Annotations:
D:2 Jessica, Robin


Message History

The goblin barely misses you. Robin throws the goblin at you!
The hobgoblin hits you with a club! The goblin hits you but does no damage.
The goblin hits you.
A goblin comes into view.
Robin throws the goblin at you! The goblin closely misses you.
The hobgoblin barely misses you. The goblin closely misses you.
A goblin comes into view. It is wielding a dagger.
The goblin barely misses you.
Robin says, "My goblins will feast on your bones."
The goblin hits you with a dagger.
* * * LOW HITPOINT WARNING * * *
The goblin completely misses you. The goblin hits you with a dagger.
* * * LOW HITPOINT WARNING * * *
The hobgoblin misses you. The goblin barely misses you.
The goblin closely misses you. The goblin barely misses you.
The hobgoblin misses you. The goblin barely misses you.
The goblin closely misses you. The goblin misses you.
The hobgoblin hits you with a club.
You die...

#....<.....#####
#...............
#..........#####
#..........# #
#..######### ##
#########...# #.# #.
.........#..## ##.## ##.
......ggg##..# #...# #..
#######@####.###.#.###.#
#g# #..#..#..#..# #g#
##...###...## #g# #...#
#...## #g# ##.## ##.###


ggg ########### .gg ........... ... ..##.##.... ...##... You could see Robin, 2
hobgoblins and 9 goblins.

Vanquished Creatures
  An adder (D:2)
  2 worms (D:2)
  A dart slug (D:2)
  2 leopard geckos
  A ball python (D:1)
  4 goblins
  4 hobgoblins (D:1)
  4 jackals (D:1)
  A quokka (D:2)
  5 bats
  2 frilled lizards (D:2)
  7 kobolds
  6 rats
40 creatures vanquished.

Notes
Turn   | Place    | Note
-------+----------+-------------------------------------------
     0 | D:1      | Lauz the Deep Elf Arcane Marksman began the quest for the
                  | Orb.
     0 | D:1      | Reached XP level 1. HP: 11/11 MP: 5/5
    54 | D:1      | Reached skill level 1 in Fighting
    66 | D:1      | Reached XP level 2. HP: 10/16 MP: 6/6
   180 | D:1      | Learned a level 2 spell: Slow
  1168 | D:2      | Reached XP level 3. HP: 20/20 MP: 3/8
  3078 | D:2      | Found a hazy altar of Hepliaklqana.
  3238 | D:2      | Noticed Jessica
  3608 | D:2      | Noticed Robin
  3617 | D:2      | Slain by a hobgoblin

Skill      XL: |  1  2 |
---------------+-------+-----
Fighting       | 1 |  1.0
Bows           | 3 |  3.6
Spellcasting   | 2 |  2.4
Dodging        | |  2.6
Stealth        | |  0.1
Hexes          | |  4.3

Action                   || total
-------------------------++-------
Melee: Dagger            ||    28
       Shortbow          ||     9
 Fire: Shortbow          ||   141
 Cast: Slow              ||    41
       Corona            ||     5
  Use: Scroll            ||     6
  Eat: Ration            ||     3
       Chunk             ||     2
Armor: Robe              ||    74
Dodge: Dodged            ||   182
